General information
- name: BNet
- type: Ladder team game (AT/RT)
- host: Battle.net
- saver: LivingStrong
map: TwistedMeadows
- players: 4
- length: 13:53
- speed: Fast
- version: 1.24 W3XP
- replay type: Public
» download(91 KB)
Players
team 1 (loser)
Showtime.Korea (
orange | 160 APM | 2212 actions | 13:50)
2 Demon Hunter
1 Mana Burn
1 Evasion
2 Pandaren Brewmaster
1 Breath of Fire
1 Drunken Haze
» actions
| Assign group hotkey | 19 | |
| Basic commands | 30 | |
| Build / train | 61 | |
| ESC pressed | 7 | |
| Enter build submenu | 19 | |
| Enter hero's abilities submenu | 4 | |
| Give item / drop item | 2 | |
| Right click | 1120 | |
| Select / deselect | 248 | |
| Select group hotkey | 628 | |
| Use ability | 73 | |
2212 total
» units
| Wisp | 24 | |
| Dryad | 1 | |
| Druid of the Claw | 7 | |
32 total
» upgrades
| Ultravision | 1 | |
| Druid of the Claw Training | 2 | |
3 total
» buildings
| Altar of Elders | 2 | |
| Moon Well | 6 | |
| Ancient of War | 1 | |
| Tree of Ages | 3 | |
| Hunter's Hall | 1 | |
| Ancient of Wonders | 2 | |
| Ancient of Lore | 3 | |
| Tree of Life | 2 | |
| Tree of Eternity | 3 | |
23 total
» build order
00:07 Altar of Elders
00:17 Moon Well
02:00 Ancient of War
02:54 Tree of Ages
02:54 Tree of Ages
03:32 Moon Well
04:12 Hunter's Hall
04:49 Moon Well
04:53 Ancient of Wonders
05:20 Ancient of Lore
05:25 Ancient of Lore
06:19 Tree of Life
07:00 Tree of Eternity
07:00 Tree of Eternity
07:45 Moon Well
07:47 Ancient of Wonders
08:26 Moon Well
09:27 Ancient of Lore
10:54 Altar of Elders
12:31 Tree of Life
13:00 Moon Well
» items
| Boots of Speed | 1 | |
| Staff of Preservation | 1 | |
| Dust of Appearance | 1 | |
3 total
Showtime.Yoass (
yellow | 93 APM | 1289 actions | 13:51)
5 Death Knight
3 Death Coil
2 Unholy Aura
1 Lich
1 Frost Nova
» actions
| Assign group hotkey | 32 | |
| Basic commands | 2 | |
| Build / train | 45 | |
| Enter build submenu | 11 | |
| Enter hero's abilities submenu | 6 | |
| Give item / drop item | 3 | |
| Right click | 537 | |
| Select / deselect | 355 | |
| Select group hotkey | 222 | |
| Use ability | 76 | |
1289 total
» units
| Acolyte | 3 | |
| Ghoul | 2 | |
| Crypt Fiend | 11 | |
| Obsidian Statue | 2 | |
18 total
» upgrades
» buildings
| Crypt | 2 | |
| Graveyard | 1 | |
| Altar of Darkness | 1 | |
| Ziggurat | 4 | |
| Tomb of Relics | 1 | |
| Nerubian Tower | 1 | |
| Halls of the Dead | 3 | |
| Slaughterhouse | 1 | |
14 total
» build order
00:10 Crypt
00:13 Graveyard
00:25 Altar of Darkness
00:43 Ziggurat
00:54 Crypt
01:20 Ziggurat
01:23 Tomb of Relics
02:42 Nerubian Tower
03:16 Ziggurat
05:11 Ziggurat
05:46 Halls of the Dead
05:46 Halls of the Dead
05:46 Halls of the Dead
08:13 Slaughterhouse
» items
| Rod of Necromancy | 5 | |
| Dust of Appearance | 2 | |
| Scroll of Town Portal | 1 | |
8 total
team 2 (winner)
CrazyskiLL (
purple | 101 APM | 1406 actions | 13:52)
5 Death Knight
3 Death Coil
1 Unholy Aura
1 Death Pact
3 Lich
2 Frost Nova
1 Frost Armor
» actions
| Assign group hotkey | 37 | |
| Basic commands | 14 | |
| Build / train | 42 | |
| Enter build submenu | 14 | |
| Enter hero's abilities submenu | 9 | |
| Give item / drop item | 2 | |
| Right click | 521 | |
| Select / deselect | 241 | |
| Select group hotkey | 458 | |
| Use ability | 68 | |
1406 total
» units
| Acolyte | 2 | |
| Ghoul | 3 | |
| Crypt Fiend | 9 | |
| Obsidian Statue | 2 | |
16 total
» upgrades
| Creature Attack | 2 | |
| Creature Carapace | 2 | |
| Burrow | 1 | |
| Web | 1 | |
| Destroyer Form | 1 | |
7 total
» buildings
| Graveyard | 1 | |
| Crypt | 1 | |
| Altar of Darkness | 1 | |
| Ziggurat | 5 | |
| Tomb of Relics | 1 | |
| Nerubian Tower | 2 | |
| Halls of the Dead | 1 | |
| Slaughterhouse | 2 | |
| Black Citadel | 1 | |
| Sacrificial Pit | 2 | |
17 total
» build order
00:11 Graveyard
00:15 Crypt
00:35 Altar of Darkness
00:46 Ziggurat
01:05 Tomb of Relics
01:49 Ziggurat
02:21 Nerubian Tower
03:18 Ziggurat
04:32 Halls of the Dead
06:18 Ziggurat
07:06 Slaughterhouse
07:31 Black Citadel
08:06 Ziggurat
09:34 Nerubian Tower
11:44 Slaughterhouse
11:47 Sacrificial Pit
12:07 Sacrificial Pit
» items
| Rod of Necromancy | 3 | |
| Dust of Appearance | 1 | |
| Scroll of Healing | 1 | |
5 total
LivingStrong (
teal | 117 APM | 1622 actions | 13:53)
3 Priestess of the Moon
1 Searing Arrows
2 Trueshot Aura
» actions
| Assign group hotkey | 68 | |
| Basic commands | 2 | |
| Build / train | 44 | |
| ESC pressed | 9 | |
| Enter build submenu | 25 | |
| Enter hero's abilities submenu | 3 | |
| Right click | 963 | |
| Select / deselect | 219 | |
| Select group hotkey | 251 | |
| Use ability | 38 | |
1622 total
» units
» upgrades
| Strength of the Moon | 1 | |
| Moon Armor | 1 | |
2 total
» buildings
| Altar of Elders | 1 | |
| Moon Well | 8 | |
| Hunter's Hall | 1 | |
| Ancient of War | 3 | |
| Ancient Protector | 4 | |
| Tree of Life | 2 | |
19 total
» build order
00:06 Altar of Elders
00:18 Moon Well
01:56 Hunter's Hall
01:59 Ancient of War
02:00 Ancient of War
02:10 Ancient of War
02:22 Moon Well
02:24 Moon Well
03:03 Moon Well
03:29 Moon Well
03:33 Ancient Protector
03:55 Moon Well
03:59 Ancient Protector
04:27 Moon Well
06:34 Moon Well
07:25 Tree of Life
09:39 Ancient Protector
09:40 Ancient Protector
12:46 Tree of Life
Chat log
(00:28 / Allies) CrazyskiLL: 11
(00:30 / All) LivingStrong: hiya korea
(00:34 / All) Showtime.Korea: hello
(00:52 / All) LivingStrong: <-- imicro
(00:54 / All) LivingStrong: dont know if u rememba me
(01:00 / Allies) CrazyskiLL: they real good arnt they
(01:03 / All) Showtime.Korea: sure man
(01:03 / Allies) LivingStrong: they are okay
(01:08 / All) Showtime.Korea: u cool
(01:24 / Allies) CrazyskiLL: u doin tourny
(01:28 / Allies) LivingStrong: maybe
(01:31 / Allies) LivingStrong: depends if im goin to girlfriends before then
(01:43 / Allies) CrazyskiLL: youporn it up
(01:47 / Allies) CrazyskiLL: and craft :P
(02:52 / Allies) CrazyskiLL: i dont think he have just 1 cryot
(03:02 / Allies) CrazyskiLL: he mass feed
(03:04 / Allies) CrazyskiLL: tower
(03:06 / Allies) CrazyskiLL: 1
(03:28 / Allies) CrazyskiLL: tower ur base 1
(03:30 / Allies) CrazyskiLL: we need NE main
(04:09 / Allies) CrazyskiLL: wood
(04:54 / Allies) LivingStrong: fucking dh
(04:58 / Allies) LivingStrong: cancelled my well
(05:06 / Allies) CrazyskiLL: 100 gold me
(05:35 / Allies) LivingStrong: dh panda
(06:59 / Allies) LivingStrong: u crept it right
(07:30 / Allies) CrazyskiLL: wood me
(08:08 / Allies) LivingStrong: we gotta hit now
(08:14 / Allies) CrazyskiLL: gogoog
(08:24 / Allies) LivingStrong: bears
(09:04 / Allies) LivingStrong: b
(09:06 / Allies) CrazyskiLL: MOVE
(09:09 / Allies) CrazyskiLL: FFS
(11:18 / Allies) LivingStrong: panda
(11:37 / All) CrazyskiLL: is this a joke
(11:54 / Allies) LivingStrong: hakll
(11:54 / Allies) LivingStrong: hall
(12:18 / Allies) LivingStrong: he will have wyrms i think
(12:30 / Allies) CrazyskiLL: no
(12:36 / Allies) LivingStrong: wood me 100 sorry
(12:37 / Allies) LivingStrong: expo